 Dungeon Crawl Stone Soup version 0.27-a0-1090-gb115f176c6 (webtiles) character file.

Game seed: 14910585491226512061

16 scammafunk the Skirmisher (level 2, -2/25 HPs)
             Began as a Palentonga Chaos Knight on Apr 27, 2021.
             Was a Follower of Sif Muna.
             Slain by a gnoll
             ... wielding a +0 spear
              (4 damage)
             ... on level 1 of the Dungeon.
             The game lasted 00:01:43 (86 turns).

scammafunk the Skirmisher (Palentonga Chaos Knight)   Turns: 86, Time: 00:01:44

Health: -2/25      AC:  6    Str: 15    XL:     2   Next: 41%
Magic:  2/2        EV:  9    Int: 12    God:    Sif Muna [*.....]
Gold:   0          SH:  0    Dex:  9    Spells: 1/1 levels left

rFire    . . .     SeeInvis +   a - +0 hand axe (chaos)
rCold    . . .     Faith    .   (no shield)
rNeg     . . .     Spirit   .   b - +2 leather armour
rPois    .         Reflect  .   (no helmet)
rElec    .         Harm     .   (no cloak)
rCorr    .         Rampage  .   (no gloves)
Will     .....                  (no barding)
Stlth    +.........             (no amulet)
HPRegen  0.08/turn              (no ring)
MPRegen  0.08/turn              (no ring)

@: brilliant
A: large, rugged brown scales 3, see invisible, deformed body, roll 1, armoured
tail
a: Rolling Charge, Renounce Religion, Channel Magic


You were on level 1 of the Dungeon.
You worshipped Sif Muna.
Sif Muna was aware of your devotion.
You visited 1 branch of the dungeon, and saw 1 of its levels.

Inventory:

Hand Weapons
 a - a +0 hand axe of chaos (weapon)
Armour
 b - a +2 leather armour (worn)
Scrolls
 c - a scroll of magic mapping {unknown}


   Skills:
 + Level 3.4 Fighting
 + Level 3.4 Axes
 + Level 1.5 Armour
 + Level 0.7 Dodging


You had one spell level left.
You didn't know any spells.
Your spell library was empty.

Dungeon Overview and Level Annotations

Branches:
Dungeon (1/15)

Altars:
Sif Muna


Innate Abilities, Weirdness & Mutations

You are completely covered in rugged brown scales. (AC +3, +7% HP)
You have supernaturally acute eyesight. (SInv)
Armour fits poorly on your strangely shaped body.
You can roll at nearby foes to attack.
You have a long armoured tail.


Message History

You roll forward with a clatter of scales!
You barely miss the jackal.
A jackal and an endoplasm come into view.
The endoplasm quivers.
The jackal barks!
You hear an angry hiss.
The jackal misses you.
A ball python comes into view.
You closely miss the jackal. You barely miss the giant cockroach.
The jackal bites you but does no damage.
A goblin comes into view. It is wielding a +0 club.
The giant cockroach closely misses you.
The jackal bites you but does no damage.
You barely miss the giant cockroach.
The goblin shouts!
Your tail-slap misses the giant cockroach.
You closely miss the jackal. The gnoll closely misses you.
The giant cockroach bites you but does no damage.
The jackal barely misses you.
You closely miss the giant cockroach. You miss the jackal.
The jackal barely misses you.
The giant cockroach completely misses you.
The gnoll hits you from afar with a +0 spear!
* * * LOW HITPOINT WARNING * * *
A jackal comes into view.
The jackal bites you but does no damage.
The giant cockroach bites you but does no damage.
The gnoll hits you from afar with a +0 spear.
* * * LOW HITPOINT WARNING * * *
The jackal barks!
You slash the endoplasm!
You kill the endoplasm!
Sif Muna accepts your kill.
You hit the giant cockroach.
The giant cockroach suddenly seems more agile.
You hit the jackal but do no damage.
You hear a shout!
The jackal closely misses you. The giant cockroach barely misses you.
The gnoll hits you from afar with a +0 spear.
You die...
Xom roars with laughter!

#... . #...###
.. #.....###
#..#.......
#........# #
#....=.h.##...
##...S..h..g...
##..#.gB@h.#.##.
#...#...........
#..........#..
##.._.....##
#........# # #..
##.....#.#..#
#.# ..##
#...)#....# #.#
.....##†....#.#
#.# #.....####.#
#.#


You could see a gnoll, 3 jackals, a giant cockroach (agile), a goblin and a ball
python.

Vanquished Creatures
  A dart slug (D:1)
  2 endoplasms (D:1)
  2 giant cockroaches (D:1)
  A goblin (D:1)
  2 hobgoblins (D:1)
  2 quokkas (D:1)
  A ball python (D:1)
  2 frilled lizards (D:1)
  A kobold (D:1)
14 creatures vanquished.

Notes
Turn   | Place    | Note
-------+----------+-------------------------------------------
     0 | D:1      | scammafunk the Palentonga Chaos Knight began the quest for
                  | the Orb.
     0 | D:1      | Reached XP level 1. HP: 19/19 MP: 1/1
    52 | D:1      | Reached XP level 2. HP: 20/25 MP: 2/2
    59 | D:1      | XOM: potion effect (brilliance)
    62 | D:1      | Found a faded altar of an unknown god.
    81 | D:1      | Fell from the grace of Xom
    81 | D:1      | Became a worshipper of Sif Muna the Loreminder
    81 | D:1      | Reached * piety under Sif Muna
    85 | D:1      | HP: 1/25 [gnoll/+0 spear (5)]
    86 | D:1      | Slain by a gnoll

Illustrated notes

Levels and vault maps discovered:
D:1:      kennysheep_arrival_forest, layout_rooms, basic_ecumenical_altar

Action                   || total
-------------------------++-------
Melee: Hand axe          ||    32
       Tailslap          ||     3
 Abil: Rolling Charge    ||     5
Armor: Leather armour    ||    16
Dodge: Dodged            ||    24

Table legend: (Time is in decaauts)
 A = Elapsed time spent in this place.
 B = Non-inter-level travel time spent in this place.
 C = Inter-level travel time spent in this place.
 D = Time resting spent in this place.
 E = Time spent auto-exploring this place.
 F = Levels seen in this place.
 G = Mean time per level.
                   A        B        C        D        E       F      G
               +--------+--------+--------+--------+--------+-----+--------+
         Total |     89 |     89 |      0 |      0 |     27 |   1 |   89.0 |
       Dungeon |     89 |     89 |      0 |      0 |     27 |   1 |   89.0 |
               +--------+--------+--------+--------+--------+-----+--------+

Top non-repeatable levels by time:
     D:1: 89 daAuts
